[Event "44th Chess Olympiad Women 2022"]
[Site "Chennai"]
[Date "2022.08.08"]
[Round "10.43"]
[White "Ndirangu, Joyce Nyaruai"]
[Black "Lopez L., Dairyn D."]
[Result "1/2-1/2"]
[WhiteElo "1679"]
[BlackElo "1574"]
[Annotator "NA RC"]
[PlyCount "108"]
[EventDate "2022.??.??"]
[TimeControl "60"]

1. d4 g6 2. Nf3 d6 3. Bf4 Bg7 4. e3 Nf6 5. c4 c5 6. Nc3 cxd4 7. exd4 O-O 8. Be2 Nbd7 9. O-O Nh5 10. Bg5 h6 11. Be3 Nhf6 12. d5 Nc5 13. h3 Bf5 14. Re1 Rc8 15.
b4 Nfe4 16. Nxe4 Nxe4 17. Bd4 Nc3 18. Qd2 Nxe2+ 19. Qxe2 Rc7 20. Bxa7 Bxa1 21. Rxa1 Qc8 22. c5 dxc5 23. bxc5 Rxc5 24. Qxe7 Rxd5 25. Qh4 h5 26. Be3 Rfd8 27. Nd4 Qc7 28. Rf1 Bd3 29. Re1 Qc3 30. Nf3 Bf5 31. Kh2 Re8 32. Bd2 Qc7+ 33. Bf4 Qc8 34. Qf6 Re6 35. Rxe6 Qxe6 36. Qb2 Qd7 37. Bh6 f6 38. Bf4 Kf7 39. Qa3 Be6 40. h4 Bg4 41. Ne1 Rd1 42. Nc2 Be6 43. Qb2 Rd5 44. a3 Rb5 45. Nb4 Rf5 46. Bg3 g5 47. hxg5 fxg5 48. Qh8 h4 49. Be5 Rxf2 50. Qh5+ Ke7 51. Qxg5+ Ke8 52. Qxh4 Rf7 53. Qh8+ Rf8 54. Qh5+ Rf7 1/2-1/2

[Event "44th Chess Olympiad Women 2022"]
[Site "Chennai"]
[Date "2022.08.08"]
[Round "10.43"]
[White "Obondo, Cynthia Awino"]
[Black "Juarez Garcia, Daniela"]
[Result "1-0"]
[WhiteElo "1439"]
[BlackElo "1725"]
[Annotator "NA RC"]
[PlyCount "87"]
[EventDate "2022.??.??"]
[TimeControl "60"]

1. d4 d5 2. Nf3 Nf6 3. e3 e6 4. Bd3 c5 5. b3 Nbd7 6. Nbd2 Be7 7. Bb2 a6 8. O-O b6 9. Ne5 Bb7 10. f4 Ne4 11. Ndf3 Bf6 12. Qe2 h6 13.
a4 Rf8 14. c4 cxd4 15. exd4 Bxe5 16. Nxe5 Nxe5 17. dxe5 Nc5 18.
Bc2 Qh4 19. b4 Ne4 20. Bxe4 dxe4 21. Bd4 Qd8 22. Rfd1 Qc7 23. Rac1 a5 24. b5 Rd8 25. Qe3 f6 26. exf6 gxf6 27. Qh3 Ke7 28. Qxh6 Rxd4 29. Rxd4 Qc5 30. Rcd1 e5 31. fxe5 fxe5 32. Qd6+ Qxd6 33. Rxd6 Ba8 34. Rd7+ Ke6 35. Rd8 Rf4 36. Rxa8 e3 37. Rc8 Kf5 38. Rf1 Ke4 39. Rxf4+ exf4 40. Kf1 Kd3 41. Ke1 e2 42. c5 bxc5 43. b6 c4 44. b7 1-0

[Event "44th Chess Olympiad Women 2022"]
[Site "Chennai"]
[Date "2022.08.08"]
[Round "10.44"]
[White "Abdul Rasheed, Mariyam Laisa"]
[Black "O`Gorman, Alice"]
[Result "0-1"]
[WhiteElo "1145"]
[BlackElo "2043"]
[Annotator "NA RC"]
[PlyCount "34"]
[EventDate "2022.??.??"]
[TimeControl "60"]

1. e4 e5 2. Nf3 Nf6 3. Nc3 Nc6 4. Bb5 Nd4 5. Ba4 Bc5 6.
O-O O-O 7. d3 d5 8. Nxe5 Qe7 9. Bf4 Bd6 10. exd5 Ng4 11. Nxg4 Bxf4 12. Re1 Qh4 13. h3 h5 14. Nh2 Bxh3 15. gxh3 Qxh3 16. Nf3 Nxf3+ 17. Qxf3 Qxf3 0-1

[Event "44th Chess Olympiad Women 2022"]
[Site "Chennai"]
[Date "2022.08.08"]
[Round "10.44"]
[White "Kanyamarala, Trisha"]
[Black "Nuha, Rilwan"]
[Result "1-0"]
[WhiteElo "2270"]
[BlackElo "1068"]
[Annotator "NA RC"]
[PlyCount "71"]
[EventDate "2022.??.??"]
[TimeControl "60"]

1. d4 Nf6 2. c4 e6 3. Nc3 Bb4 4. e3 O-O 5. Bd3 d5 6. a3 Be7 7. Nge2 b6 8. O-O Bb7 9. cxd5 Nxd5 10. Qc2 h6 11. e4 Nxc3 12. bxc3 c5 13. Be3 Nd7 14. Rfd1 Rc8 15. Qa2 Nf6 16. f3 Qd7 17. dxc5 Bxc5 18. Bxc5 Rxc5 19. e5 Nd5 20. c4 Qc7 21. cxd5 Bxd5 22. Qb2 Rd8 23. Ng3 Bb7 24. Be4 Bxe4 25. Rxd8+ Qxd8 26. Nxe4 Rd5 27. Rc1 Qb8 28. Nd6 Rxd6 29. exd6 Qxd6 30. Rc8+ Kh7 31. Qc2+ f5 32. Qc3 Kg6 33. Rc7 Qf8 34. Qe5 Qf6 35. Qxf6+ Kxf6 36. Rxa7 1-0

[Event "44th Chess Olympiad Women 2022"]
[Site "Chennai"]
[Date "2022.08.08"]
[Round "10.44"]
[White "Kiyan Mohamed, Usamath"]
[Black "Ni Mhuireagain, Eibhia"]
[Result "0-1"]
[WhiteElo "1100"]
[BlackElo "1638"]
[Annotator "NA RC"]
[PlyCount "121"]
[EventDate "2022.??.??"]
[TimeControl "60"]

1. e4 c6 2. d4 d5 3. Nc3 dxe4 4. Nxe4 Nd7 5. Nf3 Ngf6 6. Bd3 Nxe4 7. Bxe4 Nf6 8. Bd3 Bg4 9. c3 e6 10. h3 Bh5 11. g4 Bg6 12. Ne5 Bxd3 13.
Qxd3 Bd6 14. Qf3 Qc7 15. Bf4 Nd5 16. Bg3 f6 17. Nd3 Bxg3 18.
fxg3 O-O 19. Nf4 Nxf4 20. gxf4 e5 21. O-O exd4 22. cxd4 Rad8 23. Rad1 Qf7 24. b3 Qd5 25. Qd3 Rfe8 26. Qc4 Re3 27. Qxd5+ Rxd5 28. Kg2 Re4 29. Rf2 Rdxd4 30. Rxd4 Rxd4 31. f5 Kf7 32. Rf3 Rd2+ 33. Rf2 Rxf2+ 34. Kxf2 Ke7 35. Ke3 Kd6 36. Kd4 b6 37. b4 g6 38. fxg6 hxg6 39. h4 Ke6 40. h5 gxh5 41. gxh5 Kf7 42. Ke4 Kg7 43. Kf5 c5 44. bxc5 bxc5 45. Ke4 Kh6 46. Kd5 Kxh5 47. Kxc5 Kg4 48. Kd4 f5 49. Ke3 Kg3 50. Ke2 f4 51. Kf1 Kf3 52. a3 a6 53. a4 a5 54. Ke1 Kg2 55. Ke2 f3+ 56. Kd3 f2 57. Kc4 f1=Q+ 58.
Kc5 Qf4 59. Kb5 Qb4+ 60. Kc6 Qxa4+ 61. Kb6 0-1

[Event "44th Chess Olympiad Women 2022"]
[Site "Chennai"]
[Date "2022.08.08"]
[Round "10.44"]
[White "Putar, Lara"]
[Black "Aishath Alya Mohamed Shareef"]
[Result "1-0"]
[WhiteElo "1969"]
[BlackElo "1110"]
[Annotator "NA RC"]
[PlyCount "55"]
[EventDate "2022.??.??"]
[TimeControl "60"]

1. d4 e6 2. c4 d5 3. Nf3 Be7 4. g3 Nf6 5. Bg2 Ne4 6. O-O O-O 7. Nc3 f5 8. Qc2 c6 9. b3 Nd7 10. Bb2 Ndf6 11. Rad1 Bd7 12. Ne5 Be8 13. e3 Bh5 14. Ne2 Rc8 15.
f3 Ng5 16. Nf4 Bf7 17. h4 Nxf3+ 18. Bxf3 Rc7 19. Nxf7 Kxf7 20. g4 fxg4 21. Bxg4 Nxg4 22. Qxh7 Qd6 23. Qg6+ Kg8 24. Qxg4 Rf6 25. Nh5 Rxf1+ 26. Rxf1 Bf8 27. Nf6+ Kh8 28. Qh5# 1-0

[Event "44th Chess Olympiad Women 2022"]
[Site "Chennai"]
[Date "2022.08.08"]
[Round "10.45"]
[White "Fawaz, Nadia"]
[Black "Galera Serra, Maria"]
[Result "0-1"]
[WhiteElo "1214"]
[BlackElo "1464"]
[Annotator "NA RC"]
[PlyCount "70"]
[EventDate "2022.??.??"]
[TimeControl "60"]

1. d4 d5 2. c4 c6 3. cxd5 Qxd5 4. Nc3 Qa5 5. Nf3 Nf6 6. Bd2 Nbd7 7. e3 e5 8. Bc4 exd4 9. Nxd4 Bb4 10. a3 Bxc3 11. Bxc3 Qg5 12. O-O O-O 13. Nf3 Qh6 14. Qc2 Nb6 15. Bd3 Nbd5 16. Bd2 Qh5 17. e4 Bg4 18. Ng5 h6 19. exd5 hxg5 20. dxc6 bxc6 21. Qxc6 Rad8 22. Qa6 Bc8 23. Qc4 Ng4 24. h3 Ne5 25. Qe4 Nxd3 26. Bc3 Nf4 27. Qe5 f6 28. Qc5 Bxh3 29. gxh3 Qxh3 30. Qc4+ Rf7 31. Qe4 Re7 32. Qc4+ Kh8 33. Qxf4 gxf4 34. Rad1 Rxd1 35. Rxd1 Qg4+ 0-1

[Event "44th Chess Olympiad Women 2022"]
[Site "Chennai"]
[Date "2022.08.08"]
[Round "10.45"]
[White "Grishina, Alexandra"]
[Black "De la Riva Real, Ariadna"]
[Result "1/2-1/2"]
[WhiteElo "2012"]
[BlackElo "1649"]
[Annotator "NA RC"]
[PlyCount "68"]
[EventDate "2022.??.??"]
[TimeControl "60"]

1. d4 d5 2. Nf3 Nf6 3. e3 e6 4. Bd3 Be7 5. O-O Nbd7 6. Ne5 c5 7. c3 O-O 8. Nd2 Qc7 9. f4 b6 10. g4 Bb7 11. Qf3 c4 12. Bc2 Ne8 13.
g5 f5 14. Qh5 Nxe5 15. fxe5 g6 16. Qh4 b5 17. Nf3 b4 18. Bd2 b3 19. axb3 cxb3 20. Bxb3 Qb6 21. Ba4 Ba6 22. Rfe1 Bd3 23. b3 Ng7 24. Qf2 Nh5 25. h4 f4 26. exf4 Nxf4 27. Bxf4 Rxf4 28. Qe3 Rg4+ 29. Kh2 Be4 30. Kh3 Bf5 31. Kh2 Be4 32. Kh3 Bf5 33. Kh2 Be4 34. Kh3 Bf5 1/2-1/2

[Event "44th Chess Olympiad Women 2022"]
[Site "Chennai"]
[Date "2022.08.08"]
[Round "10.45"]
[White "Henderson de La Fuente, Andrea"]
[Black "Mouradian, Knarik"]
[Result "1-0"]
[WhiteElo "1962"]
[BlackElo "2121"]
[Annotator "NA RC"]
[PlyCount "61"]
[EventDate "2022.??.??"]
[TimeControl "60"]

1. e4 c5 2. Nf3 d6 3. d4 Nf6 4. Nc3 cxd4 5. Nxd4 a6 6. g3 e5 7. Nde2 Be7 8. Bg2 Qc7 9. O-O b5 10. a3 Bb7 11. h3 Nbd7 12. g4 h6 13.
Ng3 g6 14. Kh1 Nb6 15. Nd5 Nfxd5 16. exd5 O-O-O 17. b3 Bg5 18.
Qd3 Qc5 19. c4 bxc4 20. bxc4 Bxc1 21. Raxc1 Na4 22. f4 Rhe8 23. fxe5 Rxe5 24. Rxf7 Qa5 25. Ne4 Rd7 26. Rf8+ Kc7 27. Qd4 Nc5 28. Nxd6 Re1+ 29. Rxe1 Qxe1+ 30. Rf1 Nb3 31. Nb5+ 1-0

[Event "44th Chess Olympiad Women 2022"]
[Site "Chennai"]
[Date "2022.08.08"]
[Round "10.46"]
[White "Badenhorst, Chloe"]
[Black "Kaslan, Victoria"]
[Result "1-0"]
[WhiteElo "1703"]
[BlackElo "1477"]
[Annotator "NA RC"]
[PlyCount "73"]
[EventDate "2022.??.??"]
[TimeControl "60"]

1. e4 c5 2. Nc3 d6 3. g3 Nc6 4. Bg2 g6 5. Nge2 Bg7 6. d3 e6 7. Be3 Nge7 8.
Qd2 Nd4 9. Nc1 Rb8 10. Nd1 b5 11. c3 Ndc6 12. Bh6 O-O 13. h4 Kh8 14. Bxg7+ Kxg7 15. h5 Ng8 16. hxg6 fxg6 17. Ne3 Nf6 18. f4 Ne7 19. Ne2 Rh8 20. g4 d5 21. e5 Nd7 22. d4 cxd4 23. Nxd4 Rb6 24. Qf2 Ng8 25. Qg3 Qc7 26. Rd1 Ne7 27. Qh4 Ng8 28. Bxd5 Nf8 29. Bg2 Bd7 30. Qg3 Qc8 31. f5 a6 32. f6+ Kf7 33. Nf3 Nxf6 34. Ng5+ Kg7 35. exf6+ Kxf6 36. Qf4+ Ke7 37. Qf7+ 1-0

[Event "44th Chess Olympiad Women 2022"]
[Site "Chennai"]
[Date "2022.08.08"]
[Round "10.46"]
[White "Bouah, Denise"]
[Black "Creebsburg, Shefali"]
[Result "1-0"]
[WhiteElo "1736"]
[BlackElo "1151"]
[Annotator "NA RC"]
[PlyCount "83"]
[EventDate "2022.??.??"]
[TimeControl "60"]

1. e4 e5 2. Nf3 Nc6 3. Bb5 a6 4. Ba4 Nf6 5. d3 d6 6. c3 b5 7. Bc2 Be7 8. O-O O-O 9. h3 h6 10. Re1 Na5 11. Nbd2 c5 12. a4 Bb7 13. Nf1 Re8 14. Ng3 Rc8 15. Nh2 Bf8 16. Ng4 Re6 17. Nf5 Nxg4 18.
hxg4 d5 19. Qf3 dxe4 20. dxe4 Nc6 21. Qh3 Rg6 22. Kh2 Rc7 23. Rh1 Bc8 24. Kg1 Bxf5 25. exf5 Rd6 26. g5 f6 27. gxh6 gxh6 28. Bxh6 Rh7 29. Qg4+ Bg7 30. Rh3 Qf8 31. axb5 axb5 32. Be4 Ne7 33. Rg3 c4 34. Ra8 Rd8 35. Rxd8 Qxd8 36. Bxg7 Kf7 37. Bxf6 Kxf6 38. Qg5+ Kf7 39. Bf3 Kf8 40. f6 Qd7 41. fxe7+ Kf7 42. Qg6+ 1-0

[Event "44th Chess Olympiad Women 2022"]
[Site "Chennai"]
[Date "2022.08.08"]
[Round "10.46"]
[White "Kaslan, Catherine"]
[Black "February, Jesse Nikki"]
[Result "1-0"]
[WhiteElo "1872"]
[BlackElo "1872"]
[Annotator "NA RC"]
[PlyCount "47"]
[EventDate "2022.??.??"]
[TimeControl "60"]

1. e4 e6 2. d4 d5 3. Nd2 dxe4 4. Nxe4 Bd7 5. c3 Bc6 6. Ng3 Nd7 7. Nf3 Ngf6 8. Be2 b6 9. O-O Bb7 10. Be3 Be7 11. Qa4 O-O 12. Rfd1 a6 13.
Ne5 b5 14. Qc2 Nd5 15. Bf3 N7b6 16. b3 Nxe3 17. fxe3 Nd5 18. Bxd5 Qxd5 19. e4 Qd6 20. Nd3 Qb6 21. b4 Rfd8 22. Nc5 Bc8 23. e5 Bxc5 24. dxc5 1-0

[Event "44th Chess Olympiad Women 2022"]
[Site "Chennai"]
[Date "2022.08.08"]
[Round "10.46"]
[White "Wijnhard, Joelle"]
[Black "Selkirk, Rebecca"]
[Result "0-1"]
[WhiteElo "1291"]
[BlackElo "1745"]
[Annotator "NA RC"]
[PlyCount "76"]
[EventDate "2022.??.??"]
[TimeControl "60"]

1. e4 c6 2. Nf3 d5 3. exd5 cxd5 4. d4 Nf6 5. c3 Nc6 6. Be2 Bf5 7. Be3 e6 8. O-O Bd6 9. Nbd2 h6 10. h3 O-O 11. Re1 Bc7 12. Nf1 Qd6 13.
Bd3 Ne4 14. Qc2 Bg6 15. Rad1 f5 16. Bxe4 fxe4 17. N3h2 Rac8 18. Qe2 Rcd8 19. c4 Nb4 20. c5 Qc6 21. Ra1 Nd3 22. Reb1 e5 23. b4 Qf6 24. Ng4 Qf7 25. Rb3 h5 26. Ngh2 Qf6 27. dxe5 Bxe5 28. Rd1 d4 29. Bc1 Nxf2 30. Re1 e3 31. Nf3 Nxh3+ 32. gxh3 Qxf3 33. Qxf3 Rxf3 34. Kg2 Be4 35. Rb2 Rg3+ 36. Kh2 Rg2+ 37. Kh1 Rh2+ 38. Kg1 Rh1# 0-1

[Event "44th Chess Olympiad Women 2022"]
[Site "Chennai"]
[Date "2022.08.08"]
[Round "10.47"]
[White "A-ALI, Sali Abbas Abdulzah"]
[Black "Razafindratina, Mariam Clarisse"]
[Result "1-0"]
[WhiteElo "1864"]
[BlackElo "1318"]
[Annotator "NA RC"]
[PlyCount "71"]
[EventDate "2022.??.??"]
[TimeControl "60"]

1. e4 e5 2. Bc4 Nf6 3. d3 h6 4. Nf3 Bc5 5. O-O d6 6. h3 O-O 7. c3 a6 8. d4 d5 9. exd5 exd4 10. cxd4 Ba7 11. Nc3 b5 12. Bb3 Bb7 13. Bf4 Bxd5 14. Nxd5 Nxd5 15. Be3 c6 16. Rc1 Qd6 17. Ne5 f6 18. Ng6 Rd8 19. Qf3 a5 20. a3 a4 21. Ba2 Bb6 22. Bf4 Qd7 23.
Rfd1 Na6 24. Rxc6 Bc7 25. Qxd5+ Qxd5 26. Bxd5+ Rxd5 27. Ne7+ Kh7 28. Nxd5 Bxf4 29. Nxf4 Ra7 30. d5 Nb8 31. Rb6 Nd7 32. Rxb5 Ne5 33. d6 g5 34. Ne6 Nd7 35. Rc1 Kg6 36. Rc7 1-0

[Event "44th Chess Olympiad Women 2022"]
[Site "Chennai"]
[Date "2022.08.08"]
[Round "10.47"]
[White "Al-Fayyadh, Zainab Asif Abdulah"]
[Black "Raharimanana, Faratiana"]
[Result "1/2-1/2"]
[WhiteElo "1749"]
[BlackElo "1707"]
[Annotator "NA RC"]
[PlyCount "126"]
[EventDate "2022.??.??"]
[TimeControl "60"]

1. e4 e5 2. Nf3 Nc6 3. Bb5 a6 4. Ba4 Nf6 5. O-O b5 6. Bb3 d6 7. c3 Be7 8. Re1 O-O 9. h3 Na5 10. Bc2 c5 11. d4 Qc7 12. d5 Nc4 13.
b3 Nb6 14. Nbd2 Re8 15. Nf1 Bf8 16. Bg5 Nfd7 17. Ng3 f6 18.
Be3 g6 19. h4 Bg7 20. h5 Nf8 21. Nh4 Qd8 22. h6 Bh8 23. Nhf5 gxf5 24. exf5 Kf7 25. Qh5+ Ke7 26. Rad1 Kd7 27. Ne4 Rb8 28. Bxc5 dxc5 29. Nxc5+ Kd6 30. Ne4+ Kc7 31. d6+ Kb7 32. Qf7+ Bd7 33. Nc5+ Ka7 34. Be4 Qc8 35. b4 Nc4 36. Bd5 Nxd6 37. Qg8 Ne6 38. Qxh7 Nxc5 39. bxc5 Nxf5 40. c6 Re7 41. cxd7 Qxd7 42. Qg6 Nd6 43. c4 bxc4 44. Bxc4 Qc7 45. Bd3 Rb2 46. Qg8 Re8 47. h7 Qc5 48. Be2 Rbb8 49. Qg6 e4 50. Rc1 Qb6 51. Red1 Rec8 52. Rxc8 Rxc8 53. Qg8 Rb8 54. Qe6 Nb7 55. Qxe4 Rd8 56. Rb1 Qc7 57. Qe3+ Nc5 58. Bf3 Rb8 59. Rc1 Kb6 60. Rb1+ Ka7 61. Rc1 Kb6 62. Rb1+ Ka7 63. Rc1 Kb6 1/2-1/2

[Event "44th Chess Olympiad Women 2022"]
[Site "Chennai"]
[Date "2022.08.08"]
[Round "10.47"]
[White "Razafindrabe, Bakoly"]
[Black "Tiba, Mahdi Attiyah"]
[Result "1-0"]
[WhiteElo "1238"]
[BlackElo "1759"]
[Annotator "NA RC"]
[PlyCount "59"]
[EventDate "2022.??.??"]
[TimeControl "60"]

1. e4 d5 2. exd5 Qxd5 3. Nc3 Qa5 4. d4 c6 5. Bc4 Nf6 6. Nf3 Bf5 7. Bd2 e6 8. Nd5 Qd8 9. Nxf6+ Qxf6 10. Bb3 h6 11. Qe2 Be7 12. h3 Bh7 13.
O-O-O O-O 14. g4 Bd6 15. Rhg1 g5 16. Ne5 Rd8 17. h4 Nd7 18.
Rde1 Bf8 19. hxg5 hxg5 20. Ref1 Nxe5 21. dxe5 Qe7 22. f4 gxf4 23. Bxf4 Qc5 24. Kb1 b5 25. Qh2 Bg6 26. Rh1 Bg7 27. Re1 Kf8 28. Bg5 Rd7 29. Bf6 Bxf6 30. exf6 1-0

[Event "44th Chess Olympiad Women 2022"]
[Site "Chennai"]
[Date "2022.08.08"]
[Round "10.47"]
[White "Razafindrabiaza, Christine"]
[Black "Sara Masood Abdullah"]
[Result "0-1"]
[WhiteElo "1635"]
[BlackElo "1677"]
[Annotator "NA RC"]
[PlyCount "106"]
[EventDate "2022.??.??"]
[TimeControl "60"]

1. d4 d5 2. c4 e6 3. e3 Nf6 4. Nf3 Nbd7 5. Be2 Be7 6. O-O O-O 7. Nc3 c6 8. h3 Re8 9. Re1 Bd6 10. b3 b6 11. Bd2 Bb7 12. Bd3 e5 13.
dxe5 Nxe5 14. Nxe5 Bxe5 15. Rc1 dxc4 16. Bxc4 c5 17. Qe2 a6 18. a4 Qc7 19. Red1 Bh2+ 20. Kh1 Re5 21. f3 Rh5 22. e4 Be5 23.
Nd5 Nxd5 24. exd5 Bd4 25. f4 Rh4 26. Re1 Qd7 27. Qf3 b5 28.
axb5 axb5 29. Bd3 Bxd5 30. Be4 Bxe4 31. Rxe4 Rd8 32. Ba5 Re8 33. Rce1 Rxe4 34. Rxe4 h6 35. Be1 Qd8 36. Bxh4 Qxh4 37. Re8+ Kh7 38. Qe4+ g6 39. Qf3 Kg7 40. Re4 Qd8 41. Qe2 Qa5 42. Qd1 Qc3 43. Kh2 Qa1 44. Qf3 h5 45. h4 c4 46. bxc4 bxc4 47. Qe2 Qg1+ 48. Kg3 c3 49. Qd3 Qf2+ 50. Kh3 c2 51. Re1 Qxe1 52. Qxd4+ Kh7 53. Qf6 Qe6+ 0-1

[Event "44th Chess Olympiad Women 2022"]
[Site "Chennai"]
[Date "2022.08.08"]
[Round "10.48"]
[White "Ahmad Murad, Fatema Alzahraa."]
[Black "Chuemsakul, Sarocha"]
[Result "1/2-1/2"]
[WhiteElo "1791"]
[BlackElo "1684"]
[Annotator "NA RC"]
[PlyCount "120"]
[EventDate "2022.??.??"]
[TimeControl "60"]

1. d4 Nf6 2. c4 e6 3. Nc3 d5 4. Bg5 Be7 5. Nf3 h6 6. Bh4 O-O 7. e3 b6 8. Qb3 dxc4 9. Bxc4 Nc6 10. Bb5 Bb7 11. Rd1 a6 12. Be2 Na5 13. Qc2 Nd5 14. Bxe7 Qxe7 15. a3 c5 16. O-O c4 17. Na4 Qc7 18. Ne5 Rac8 19. e4 Nf4 20. f3 Rfd8 21. Qd2 Nxe2+ 22. Qxe2 Nb3 23. Qe3 b5 24. Nc3 Qb6 25. Ne2 f6 26. Ng4 h5 27. d5 Qc7 28. Nf4 Nc5 29. Nxh5 exd5 30. exd5 Nd3 31. Rd2 Bxd5 32. Rfd1 Qc5 33. Qxc5 Rxc5 34. Nf2 Bxf3 35. Nxf6+ gxf6 36. gxf3 Kf7 37. Nxd3 Rxd3 38.
Rxd3 cxd3 39. Rxd3 Rc1+ 40. Kg2 Rc2+ 41. Kg3 Rxb2 42. Rd7+ Kg6 43. Ra7 Ra2 44. Rxa6 b4 45. a4 b3 46. Rb6 Rxa4 47. Rxb3 Rc4 48. Re3 Ra4 49. Re4 Ra1 50. Rg4+ Kf5 51. h4 Rb1 52. Rc4 Rg1+ 53. Kf2 Ra1 54. Rc5+ Kf4 55. Rc4+ Kf5 56. Rg4 Ra2+ 57. Kg3 Ra1 58. Rf4+ Kg6 59. h5+ Kxh5 60. Rxf6 Kg5 1/2-1/2

[Event "44th Chess Olympiad Women 2022"]
[Site "Chennai"]
[Date "2022.08.08"]
[Round "10.48"]
[White "Buhagiar, Melita Sunan"]
[Black "Bofroud, Naya"]
[Result "1/2-1/2"]
[WhiteElo "1431"]
[BlackElo "1660"]
[Annotator "NA RC"]
[PlyCount "94"]
[EventDate "2022.??.??"]
[TimeControl "60"]

1. d4 d5 2. Bf4 Nf6 3. Nf3 c5 4. e3 Nc6 5. Nbd2 e6 6. c3 Bd6 7. Bg3 O-O 8. Bd3 b6 9. Ne5 Bb7 10. Rc1 Rc8 11. O-O Ne7 12. Qf3 Ng6 13.
Nxg6 hxg6 14. Bxd6 Qxd6 15. g4 Rfe8 16. h4 e5 17. Qg3 Qe6 18.
g5 Nd7 19. Rfe1 e4 20. Be2 cxd4 21. cxd4 Qe7 22. Bg4 Ba6 23. a3 Bb5 24. Nb1 Bc4 25. Qh3 Rcd8 26. Nd2 Bb5 27. Rc7 a5 28. Rec1 Qd6 29. Kg2 Nf8 30. Qg3 Ne6 31. Qxd6 Rxd6 32. R7c3 Re7 33. b3 f5 34. gxf6 gxf6 35. a4 Be8 36. Be2 Kg7 37. Nb1 f5 38. Na3 f4 39. Bf1 fxe3 40.
fxe3 g5 41. hxg5 Nxg5 42. Nb5 Rg6 43. Kf2 Rf6+ 44. Kg2 Rg6 45.
Kf2 Rf6+ 46. Kg2 Rg6 47. Kf2 Rf6+ 1/2-1/2

[Event "44th Chess Olympiad Women 2022"]
[Site "Chennai"]
[Date "2022.08.08"]
[Round "10.48"]
[White "Khalil, Manar"]
[Black "Khantree, Napat"]
[Result "1-0"]
[WhiteElo "1831"]
[BlackElo "1362"]
[Annotator "NA RC"]
[PlyCount "67"]
[EventDate "2022.??.??"]
[TimeControl "60"]

1. e4 e5 2. Nf3 Nc6 3. d4 exd4 4. Nxd4 Bc5 5. Be3 Qf6 6. c3 Nge7 7. Bc4 d6 8. O-O Bb6 9. Kh1 Ne5 10. Be2 Qh4 11. f4 Ng4 12. Bg1 d5 13.
exd5 Nxd5 14. Bxg4 Bxg4 15. Re1+ Ne7 16. Qd2 O-O 17. a4 Rad8 18. Bf2 Qf6 19. a5 Bc5 20. Qc2 Nf5 21. Nxf5 Bxf5 22. Qe2 Bd3 23. Qf3 Bxf2 24. Qxf2 Rfe8 25. Nd2 a6 26. Re3 Rxe3 27. Qxe3 h6 28. h3 Qc6 29. Re1 Bf5 30. Nf3 Qb5 31. Qe7 Rd7 32. Qe8+ Kh7 33. Nd4 Qxa5 34. Re5 1-0

[Event "44th Chess Olympiad Women 2022"]
[Site "Chennai"]
[Date "2022.08.08"]
[Round "10.48"]
[White "Prommuang, Araya"]
[Black "Mahmoud, Roula"]
[Result "1-0"]
[WhiteElo "1651"]
[BlackElo "1765"]
[Annotator "NA RC"]
[PlyCount "71"]
[EventDate "2022.??.??"]
[TimeControl "60"]

1. e4 c5 2. Nf3 e6 3. d4 cxd4 4. Nxd4 Nf6 5. Nc3 d6 6. Bg5 Be7 7. f4 h6 8. Bxf6 Bxf6 9. Qd2 O-O 10. O-O-O a6 11. Nb3 Be7 12. g4 Nc6 13. Kb1 Qc7 14. h4 b5 15. h5 b4 16. Ne2 Bb7 17. g5 hxg5 18.
fxg5 Ne5 19. Bg2 Rac8 20. Ned4 Nc4 21. Qc1 a5 22. g6 a4 23. gxf7+ Rxf7 24. Nxe6 Qb6 25. Nbd4 Rf2 26. Bf1 Bxe4 27. Rg1 Bf6 28. Bxc4 Rxc4 29. Qh6 Qa7 30. Nxg7 Bxg7 31. Qe6+ Qf7 32. Qxe4 Qxh5 33. Rxg7+ Kxg7 34. Rg1+ Kh8 35. Qa8+ Kh7 36.
Qg8+ 1-0

[Event "44th Chess Olympiad Women 2022"]
[Site "Chennai"]
[Date "2022.08.08"]
[Round "10.49"]
[White "Dunat, Kinberlie"]
[Black "Likando Namakau"]
[Result "1/2-1/2"]
[WhiteElo "1398"]
[BlackElo "1544"]
[Annotator "NA RC"]
[PlyCount "133"]
[EventDate "2022.??.??"]
[TimeControl "60"]

1. Nf3 Nf6 2. d4 e6 3. g3 d5 4. Bg2 c5 5. e3 Be7 6. O-O O-O 7. b3 cxd4 8. exd4 Nc6 9. Bb2 Bd7 10. Nbd2 b5 11. Ne5 Rc8 12. Nxd7 Qxd7 13. Nf3 a6 14. Ne5 Qc7 15. Nxc6 Qxc6 16. Rc1 Qb6 17. Qd3 Rc7 18. c3 Rfc8 19. Rc2 Qa5 20. Ra1 Qb6 21. Rac1 a5 22. a3 a4 23. b4 Rc4 24. Bf1 Ne4 25. Qd1 R4c7 26. Qd3 Nd6 27. Qd1 g6 28. h4 Bf8 29. Bd3 Nc4 30. Bxc4 dxc4 31. Qg4 Qc6 32. Re1 Bg7 33. Bc1 h5 34. Qe2 Re7 35. Bf4 Rce8 36. Qe4 Qd5 37. Rce2 Rd7 38. Qxd5 Rxd5 39. Kg2 Kf8 40. f3 Ke7 41. Bg5+ Kd7 42. Kf2 f6 43. Bc1 Re7 44. Re4 Bf8 45. g4 f5 46. gxf5 exf5 47. Rxe7+ Bxe7 48. Bg5 Bxg5 49. hxg5 f4 50. Re4 Rxg5 51. Rxf4 Rd5 52. Re4 g5 53. Kg3 Rf5 54. f4 gxf4+ 55. Rxf4 Rg5+ 56. Kf2 Ke6 57. Re4+ Kd5 58. Re8 Rf5+ 59. Kg2 h4 60. Re3 Rg5+ 61. Kh2 Rf5 62. Kg2 Rg5+ 63. Kh2 Rf5 64. Kg2 Rg5+ 65. Kh2 Rf5 66. Kg2 Rg5+ 67. Kh2 1/2-1/2

[Event "44th Chess Olympiad Women 2022"]
[Site "Chennai"]
[Date "2022.08.08"]
[Round "10.49"]
[White "Jonet, Davena"]
[Black "Bwalya Mulwale, Lubuuto"]
[Result "0-1"]
[WhiteElo "1458"]
[BlackElo "1751"]
[Annotator "NA RC"]
[PlyCount "110"]
[EventDate "2022.??.??"]
[TimeControl "60"]

1. e4 c6 2. d4 d5 3. exd5 cxd5 4. Bd3 Nc6 5. c3 Nf6 6. h3 e6 7. Nf3 Bd6 8. O-O O-O 9. Re1 Ne7 10. Bg5 Ng6 11. Qd2 Qc7 12. Bxf6 gxf6 13. Qh6 Rd8 14. Nh4 Bf4 15. Qh5 Bg5 16. Nf3 Bf4 17. Na3 a6 18.
Nc2 b5 19. Nh4 Kg7 20. Nxg6 hxg6 21. Qf3 e5 22. dxe5 fxe5 23. Qd1 Rh8 24. Bf1 Bb7 25. Nb4 Rad8 26. Nd3 e4 27. Nxf4 Qxf4 28. Qd4+ f6 29. Rad1 Qc7 30. b3 g5 31. Qb4 g4 32. Re3 f5 33. Rg3 Bc8 34. hxg4 fxg4 35. Be2 Rh4 36. Qd4+ Kg6 37. c4 Rdh8 38. Qxh8 Rxh8 39. Bxg4 Bxg4 40. Rxg4+ Kf5 41. Rg3 dxc4 42. bxc4 Qxc4 43. Ra3 b4 44. Ra5+ Ke6 45. Rg5 Qxa2 46. Rg6+ Kf7 47. Rgd6 Re8 48. Rd7+ Re7 49. R7d2 Qa3 50. g3 e3 51. fxe3 Qxe3+ 52. Kh2 b3 53. Rd3 Qe2+ 54. Kh3 b2 55. R3d2 Qxd2 0-1

[Event "44th Chess Olympiad Women 2022"]
[Site "Chennai"]
[Date "2022.08.08"]
[Round "10.49"]
[White "Mwango, Lorita"]
[Black "Seine, Rose Berline"]
[Result "1/2-1/2"]
[WhiteElo "1920"]
[BlackElo "1679"]
[Annotator "NA RC"]
[PlyCount "178"]
[EventDate "2022.??.??"]
[TimeControl "60"]

1. c4 e6 2. Nc3 d5 3. cxd5 exd5 4. d4 c6 5. g3 Bd6 6. Bg2 Nf6 7. Nf3 O-O 8. O-O Bf5 9. Nh4 Be6 10. Qc2 Qd7 11. Bg5 Be7 12. Rac1 h6 13.
Bd2 Re8 14. Nf3 Bf5 15. Qb3 Bd6 16. Rfe1 Na6 17. a3 Rab8 18. Qa4 c5 19. Qb3 c4 20. Qb5 Nc7 21. Qxd7 Bxd7 22. Ne5 Be6 23. f4 b5 24. e4 dxe4 25. Nxe4 Nxe4 26. Bxe4 Bd5 27. Bxd5 Nxd5 28. Nc6 Rxe1+ 29. Rxe1 Ra8 30. Kf2 a6 31. Rc1 Nf6 32. Kf3 Nd5 33. Ke4 Nf6+ 34. Kf3 Nd5 35. h3 Rc8 36. Nb4 Nxb4 37. axb4 Kf8 38. Ke4 Ke7 39. Kd5 Kd7 40. Ra1 Ra8 41. Ra3 Kc7 42. b3 Rd8 43. Ke4 Re8+ 44. Kf3 Kb6 45. bxc4 bxc4 46. Bc3 h5 47. Ra5 g6 48. Rg5 Rg8 49. Rd5 Kc6 50. Ra5 Kb6 51. d5 Re8 52. Bd4+ Kb7 53.
Bc5 Bc7 54. Ra1 f5 55. Rd1 Re4 56. d6 Bd8 57. g4 hxg4+ 58. hxg4 Kc6 59. d7 Re6 60. gxf5 gxf5 61. Rd4 Kb5 62. Rd5 Kc6 63. Rxf5 Kxd7 64. Rd5+ Ke8 65. Rd4 c3 66. Rc4 Bf6 67. Be3 Kd7 68. Ke2 Rd6 69. Rc5 Rc6 70. Kd3 Rxc5 71. Bxc5 Kc6 72. Bf8 Kd5 73. Bh6 Ke6 74. Bg5 Bg7 75. Bh4 Kf5 76. Bg3 Bf6 77. Bh2 Kg4 78. Kc2 Kh3 79. Bg1 Kg3 80. Be3 Kf3 81. Kd3 Kg4 82. Bc1 Kf5 83. Be3 Bg7 84. Bc1 Bf6 85. Be3 Bg7 86. Bf2 Kxf4 87. Be1 Kf5 88. Bxc3 Bf8 89. Kc4 Bxb4 1/2-1/2